 Dungeon Crawl Stone Soup version 0.26.1-2-gb8aa6d0cf2 (webtiles) character file.

Game seed: 10646518478189987437

16238 Riddle the Impaler (level 12, -2/98 HPs)
             Began as a Merfolk Gladiator on Mar 20, 2021.
             Was a High Priest of the Shining One.
             Slain by a minotaur (18 damage)
             ... on level 11 of the Dungeon.
             The game lasted 00:27:23 (15345 turns).

Riddle the Impaler (Merfolk Gladiator)             Turns: 15345, Time: 00:27:23

Health: -2/98      AC:  6    Str: 16    XL:     12   Next: 35%
Magic:  17/17      EV: 22    Int:  7    God:    the Shining One [*****.]
Gold:   694        SH:  0    Dex: 19    Spells: 11/11 levels left

rFire    . . .     SeeInvis .   C - +3 halberd
rCold    . . .     Faith    .   (shield currently unavailable)
rNeg     + + .     Spirit   .   O - +0 troll leather armour
rPois    .         Reflect  .   c - +0 helmet
rElec    .         Harm     .   B - +0 cloak
rCorr    .         Rampage  .   (no gloves)
Will     .....                  (no boots)
Stlth    +.........             M - amulet of regeneration
HPRegen  1.06/turn              o - ring of stealth
MPRegen  0.15/turn              (no ring)

@: about to teleport, glowing
A: change form in water, swift swim, stealthy swim
a: Renounce Religion, Divine Shield, Cleansing Flame, Summon Divine Warrior


You were on level 11 of the Dungeon.
You worshipped the Shining One.
The Shining One was extremely pleased with you.
You visited 2 branches of the dungeon, and saw 12 of its levels.
You also visited: Ossuary.

You collected 694 gold pieces.

Inventory:

Hand Weapons
 C - a +3 halberd (weapon)
 D - the +8 demon trident "Rift" {distort, reach+}
   (You found it on level 9 of the Dungeon)

   It warps and distorts space around it.
   Unwielding it can cause banishment or high damage.
   The Shining One disapproves of the use of such an item.
Missiles
 d - 3 throwing nets (quivered)
Armour
 c - a +0 helmet (worn)
 B - a +0 cloak (worn)
 O - a +0 troll leather armour (worn)
Jewellery
 o - a ring of stealth (left hand)
 y - an uncursed amulet of magic regeneration {unknown}
 K - the cursed ring of Heresy {rN+ Will+ Str-4, unknown}
   (You found it on level 10 of the Dungeon)

   [ring of strength]

   It affects your strength (-4).
   It protects you from negative energy.
   It affects your willpower, your defense against some magical effects.
   It has a curse placed upon it.
 M - an amulet of regeneration (around neck)
Wands
 G - a wand of flame (42)
 I - a wand of polymorph (5)
 P - a wand of digging (5)
 Q - a wand of paralysis (7)
Scrolls
 a - 2 scrolls of random uselessness {unknown}
 g - 4 scrolls of immolation
 h - 5 scrolls of remove curse
 i - 3 scrolls of enchant weapon
 n - 9 scrolls of teleportation
 q - 5 scrolls of blinking {unknown}
 r - 2 scrolls of fear
 s - a scroll of fog {unknown}
 t - a scroll of magic mapping
 v - 2 scrolls of amnesia {unknown}
 w - 4 scrolls of enchant armour {unknown}
 x - 3 scrolls of holy word
 H - a scroll of identify
 L - 2 scrolls of noise {unknown}
 N - a scroll of silence {unknown}
 R - a scroll of vulnerability {unknown}
Potions
 b - 3 potions of resistance {unknown}
 e - 3 potions of attraction {unknown}
 f - 5 potions of flight {unknown}
 j - 5 potions of brilliance {unknown}
 k - 5 potions of berserk rage {unknown}
 l - a potion of ambrosia {unknown}
 m - a potion of curing
 p - 3 potions of cancellation {unknown}
 u - 3 potions of haste {unknown}
 z - 5 potions of lignification {unknown}
 A - 2 potions of degeneration {unknown}
 E - 2 potions of heal wounds {unknown}
 F - a potion of might {unknown}
 J - 2 potions of magic {unknown}


   Skills:
 + Level 10.4 Fighting
 * Level 17.6 Polearms
 - Level 2.0 Throwing
 + Level 12.5 Dodging
 + Level 7.7 Invocations


You had 11 spell levels left.
You didn't know any spells.
Your spell library contained the following spells:

 Spells                   Type           Power        Failure   Level
 Animate Skeleton         Necr           0%           50%         1
 Apportation              Tloc           0%           50%         1
 Corona                   Hex            0%           50%         1
 Magic Dart               Conj           0%           50%         1
 Summon Small Mammal      Summ           0%           50%         1
 Blink                    Tloc           N/A          65%         2
 Call Imp                 Summ           0%           65%         2
 Slow                     Hex            0%           65%         2
 Conjure Flame            Conj/Fire      0%           86%         3
 Mephitic Cloud           Conj/Pois/Air  0%           86%         3


Dungeon Overview and Level Annotations

Branches:
Dungeon (11/15)            Temple (1/1) D:6            Lair (0/6) D:9
    Orc (0/2) D:10        Ossuary (visited)

Altars:
Ashenzari
Cheibriados
Dithmenos
Elyvilon
Fedhas
Gozag
Hepliaklqana
Kikubaaqudgha
Makhleb
Nemelex Xobeh
Okawaru
Qazlal
Ru
Sif Muna
Trog
Uskayaw
Vehumet
Wu Jian
Xom
Yredelemnul
Zin
The Shining One

Shops:
D:9 *   D:10 (

Annotations:
D:6 3 runed translucent doors, grovkorv's ghost, novice PaAr
D:10 RawMediocrity's ghost, novice DrBe


Message History

The minotaur closely misses you. x2
You hit the minotaur but do no damage.
The minotaur is heavily wounded.
You slice the minotaur!!
The minotaur is severely wounded.
The minotaur hits you!
* * * LOW HITPOINT WARNING * * *
The minotaur barely misses you.
You feel better. The minotaur closely misses you.
The minotaur completely misses you.
Okay, then.
As you read the scroll of fear, it crumbles to dust.
You assume a fearsome visage.
The minotaur resists with some effort.
The minotaur hits you!
* * * LOW HITPOINT WARNING * * *
The minotaur completely misses you.
You feel better. The minotaur barely misses you. x2
As you read the scroll of teleportation, it crumbles to dust.
You feel strangely unstable. The minotaur hits you!!
You die...

#..........# ###... #....#...#.#
#...#. #.#..#.....# #.#...
#.#..#..##.# #.##.# #.########.#
#.##># #.# #.# #.##.#
########.#### #.# #.##..
#.........(.#####.# #.##.#
######.#########@......# #.##.#
.......#.#.....#H#####.#####.##.#
######.#..####.#.# #.....##.##.#
#.##[...#.'.####..##.<.....#
#F#.:?#...'................#
#.##$.....'.####..##..#.####
#.#..####.#.# #......#(# #.#.#
#..#.# ##.###.#.####
#.#########.# ###.###.#.....


You could see a minotaur.

Vanquished Creatures
  Snorg (D:11)
  5 two-headed ogres
  A manticore (D:9)
  5 centaur zombies
  The ghost of grovkorv the Sneak, a novice FoWz (D:9)
  Maggie (D:7)
  A komodo dragon (D:9)
  An efreet (D:9)
  A freezing wraith (D:9)
  A polar bear (D:11)
  2 trolls
  2 hornets (D:10)
  Prince Ribbit (D:8)
  Grinder (D:5)
  A basilisk (D:11)
  5 yaks
  A wyvern (D:8)
  Grum (D:8)
  A soldier ant (D:9)
  An acid dragon (D:11)
  2 sky beasts
  10 orc warriors
  An ice beast (D:8)
  A necrophage (D:9)
  A hornet zombie (D:9)
  2 black bears (D:9)
  A phantom (D:10)
  6 centaurs
  5 wolves
  6 ogres
  3 big kobolds
  6 bullfrogs
  4 scorpions
  14 killer bees
  13 wights
  2 howler monkeys
  A jelly (D:8)
  5 bullfrog skeletons
  6 bullfrog zombies
  4 hounds
  A gnoll shaman (D:7)
  4 orc priests
  12 orc wizards
  4 centaur skeletons
  2 iguanas
  17 worker ants
  3 centaur simulacra (D:11)
  2 hound zombies
  A hound skeleton (D:7)
  16 mummies
  3 worker ant zombies (Ossuary)
  A howler monkey zombie (D:9)
  4 gnolls (D:7)
  A howler monkey skeleton (D:4)
  8 adders
  2 shadow imps
  3 white imps
  3 ufetubi
  2 adder zombies
  3 adder skeletons
  3 worms
  2 dart slugs
  9 leopard geckos
  31 orcs
  6 ball pythons
  6 bats
  7 giant cockroaches
  9 goblins
  7 hobgoblins
  13 jackals
  12 kobolds
  2 quokkas (D:7)
  5 frilled lizards
  A giant cockroach zombie (Ossuary)
  A jackal skeleton (D:7)
  A kobold zombie (D:8)
  2 leopard gecko zombies (Ossuary)
  An orc zombie (D:8)
  A quokka skeleton (D:5)
  2 quokka zombies
  8 rats
348 creatures vanquished.

Vanquished Creatures (others)
  A yak (D:11)
  15 fungi
  12 plants (D:9)
  3 toadstools (D:1)
  2 withered plants (Ossuary)
33 creatures vanquished.

Grand Total: 381 creatures vanquished

Notes
Turn   | Place    | Note
-------+----------+-------------------------------------------
     0 | D:1      | Riddle the Merfolk Gladiator began the quest for the Orb.
     0 | D:1      | Reached XP level 1. HP: 16/16 MP: 1/1
   160 | D:1      | Reached XP level 2. HP: 23/23 MP: 2/2
   573 | D:1      | Reached skill level 5 in Polearms
   573 | D:1      | Reached XP level 3. HP: 28/28 MP: 3/3
  1344 | D:2      | Found a hide-covered altar of Uskayaw.
  1429 | D:2      | Reached XP level 4. HP: 34/35 MP: 4/4
  1985 | D:3      | Reached skill level 5 in Dodging
  2114 | D:3      | Found a radiant altar of Vehumet.
  2177 | D:3      | Reached skill level 6 in Polearms
  2773 | D:4      | Reached XP level 5. HP: 41/41 MP: 5/5
  2814 | D:5      | Entered Level 5 of the Dungeon
  3515 | D:4      | Reached skill level 7 in Polearms
  3515 | D:4      | Reached XP level 6. HP: 48/48 MP: 6/6
  4077 | D:4      | Reached skill level 8 in Polearms
  4462 | D:5      | Reached XP level 7. HP: 55/55 MP: 7/7
  4707 | D:5      | Noticed Grinder
  4721 | D:5      | Killed Grinder
  4722 | D:5      | Reached skill level 9 in Polearms
  5170 | D:5      | Reached skill level 5 in Fighting
  5382 | D:6      | Found a runed translucent gate.
  5384 | D:6      | Found a runed translucent gate.
  5386 | D:6      | Found a runed translucent gate.
  5386 | D:6      | Noticed grovkorv's ghost (novice PaAr)
  5614 | D:6      | Reached XP level 8. HP: 41/62 MP: 8/8
  6154 | D:6      | Reached skill level 10 in Polearms
  6841 | D:6      | Reached skill level 11 in Polearms
  7415 | D:6      | Found a staircase to the Ecumenical Temple.
  7420 | Temple   | Entered the Ecumenical Temple
  7759 | D:6      | Reached XP level 9. HP: 59/71 MP: 9/9
  8121 | D:7      | Reached skill level 12 in Polearms
  8888 | Temple   | Became a worshipper of Elyvilon the Healer
  9026 | Temple   | Fell from the grace of Elyvilon
  9026 | Temple   | Became a worshipper of the Shining One
  9172 | D:7      | Reached skill level 1 in Invocations
  9382 | D:7      | Noticed Maggie
  9397 | D:7      | Killed Maggie
  9398 | D:7      | Reached skill level 13 in Polearms
  9662 | D:7      | Found an ancient bone altar of Kikubaaqudgha.
  9679 | D:7      | Found a burning altar of Makhleb.
  9796 | D:7      | Reached * piety under the Shining One
 10061 | D:8      | Noticed Prince Ribbit
 10075 | D:8      | Killed Prince Ribbit
 10076 | D:8      | Reached XP level 10. HP: 59/80 MP: 12/12
 10226 | D:8      | Found a sand-covered staircase.
 10245 | Ossuary  | Entered an ossuary
 10332 | Ossuary  | Reached skill level 10 in Dodging
 10342 | Ossuary  | Reached ** piety under the Shining One
 10499 | Ossuary  | Reached *** piety under the Shining One
 10506 | Ossuary  | Reached skill level 14 in Polearms
 10927 | D:8      | Found an ornate altar of the Wu Jian Council.
 11179 | D:8      | Noticed Grum
 11194 | D:8      | Killed Grum
 11320 | D:8      | Reached **** piety under the Shining One
 11494 | D:8      | Noticed a two-headed ogre
 11504 | D:8      | Killed a two-headed ogre
 11692 | D:9      | Found a runed translucent door.
 11806 | D:9      | Noticed a manticore
 11863 | D:9      | Reached skill level 5 in Invocations
 11872 | D:9      | Reached skill level 15 in Polearms
 12072 | D:9      | Found a staircase to the Lair.
 12086 | D:9      | Killed a manticore
 12087 | D:9      | Reached XP level 11. HP: 31/87 MP: 13/15
 12443 | D:9      | Found Xoantom's Lightly-Used Armoury.
 12485 | D:9      | Found a runed translucent door.
 12487 | D:9      | Noticed grovkorv's ghost (novice FoWz)
 12488 | D:9      | Found the +8 demon trident "Rift" {distort, reach+}
 12859 | D:9      | Found a runed translucent door.
 12977 | D:9      | Noticed a two-headed ogre
 12997 | D:9      | Killed a two-headed ogre
 13052 | D:9      | Noticed a two-headed ogre
 13080 | D:9      | Reached skill level 16 in Polearms
 13082 | D:9      | Killed a two-headed ogre
 13495 | D:9      | Killed grovkorv's ghost
 13519 | D:10     | Entered Level 10 of the Dungeon
 13569 | D:10     | Paralysed by a hornet for 2 turns
 13574 | D:10     | Paralysed by a hornet for 1 turns
 13772 | D:10     | Found a staircase to the Orcish Mines.
 13845 | D:10     | Found Xudiyl's Weapon Shop.
 13966 | D:10     | Got a sparkling silver ring
 14171 | D:11     | Reached ***** piety under the Shining One
 14204 | D:11     | Reached skill level 10 in Fighting
 14213 | D:11     | Reached XP level 12. HP: 86/97 MP: 17/17
 14242 | D:11     | Noticed Snorg
 14262 | D:11     | Killed Snorg
 14263 | D:11     | Reached skill level 17 in Polearms
 14588 | D:11     | Noticed a minotaur
 14589 | D:11     | Noticed RawMediocrity's ghost (novice DrBe)
 14589 | D:11     | Noticed a two-headed ogre
 14599 | D:11     | Found a runed translucent gate.
 14599 | D:11     | Found a runed translucent gate.
 14599 | D:11     | Found a runed translucent gate.
 14733 | D:11     | Noticed a two-headed ogre
 14747 | D:11     | Killed a two-headed ogre
 15029 | D:11     | Killed a two-headed ogre
 15345 | D:11     | Slain by a minotaur

Illustrated notes

Levels and vault maps discovered:
D:1:      lemuel_arrival_lava_pool, layout_rooms, chequers_mini_garden,
          minmay_gold_behind_fungi, st_stairs_3
D:2:      layout_loops_ring, general_overflow_altar
D:3:      layout_basic, nicolae_overflow_crystal_walls, st_stairs_7
D:4:      layout_rooms, kennysheep_cluttered_room, minmay_misc_feat_x
D:5:      layout_loops_corners, uniq_grinder
D:6:      layout_loops_corners, temple_doors_ab, gammafunk_ghost_split
D:7:      layout_basic, grunt_temple_overflow_open, uniq_maggie
D:8:      layout_basic, nicolae_ossuary_entry_giza, basic_altar, uniq_grum,
          uniq_prince_ribbit1
D:9:      cheibrodos_histonic, layout_basic, grunt_lair_entry_orc_guard_hut,
          ebering_ghost_inner_flame, minmay_shop_damaged
D:10:     layout_roguey, david_orc_2, serial_shops, kennysheep_mini,
          hangedman_pestilent_swarm
D:11:     layout_loops_ring, maelrawn_ghost_gauntlet_escape, serial_ice,
          serial_ice_l, serial_ice_o, serial_ice_n, serial_ice_h, uniq_snorg
Temple:   hc_temple_tempest_star

Skill      XL: |  1  2  3  4  5  6  7  8  9 10 11 12 |
---------------+-------------------------------------+-----
Polearms       | 5 6 7 8 9 11 13 15 16 17 | 17.6
Fighting       | 3 4 5 6 7 8 10 | 10.4
Dodging        | 5 6 7 8 9 11 12 | 12.5
Invocations    | 3 5 7 |  7.7
Throwing       | |  2.0

Action                   |  1- 3 |  4- 6 |  7- 9 | 10-12 || total
-------------------------+-------+-------+-------+-------++-------
Melee: Trident           |   134 |   197 |   227 |       ||   558
       Halberd           |       |       |   189 |   684 ||   873
  Use: Potion            |       |     1 |     1 |     2 ||     4
       Scroll            |       |       |     8 |     4 ||    12
 Stab: Sleeping          |     3 |     2 |     5 |       ||    10
       Distracted        |       |       |     1 |       ||     1
Armor: Leather armour    |    26 |    31 |    24 |       ||    81
       Acid dragon scale |       |       |     9 |    28 ||    37
       Troll leather arm |       |       |       |    35 ||    35
Dodge: Dodged            |    72 |   108 |   257 |   458 ||   895
